[Event "Titled Tuesday Blitz October 31 Early 2023"]
[White "Kozak, Antoni"]
[Black "Sharapov, Evgeny"]
[WhiteFideId "21832030"]
[BlackFideId "14103133"]
[WhiteElo "2825"]
[BlackElo "2671"]
[Result "1-0"]
[Round "8"]
[TimeControl "180+1"]
[Date "2023.10.31"]
[WhiteClock "0:00:14"]
[BlackClock "0:00:00"]
[Board "35"]

1. e4 c5 2. Nf3 d6 3. Nc3 e5 4. Bc4 Be7 5. d3 Nf6 6. Nd2 O-O 7. Nf1 Nfd7 8. h4 Nb6 9. Bb3 Be6 10. Ne3 Nc6 11. g3 Nd4 12. O-O Nxb3 13. axb3 d5 14. exd5 Nxd5 15. Ncxd5 Bxd5 16. Nxd5 Qxd5 17. Re1 f5 18. Bd2 Bf6 19. Qe2 Rfe8 20. Bc3 a6 21. Qf1 Re6 22. Qg2 Qxg2+ 23. Kxg2 Rae8 24. Ra5 Rc6 25. Ra4 Kf7 26. f3 b5 27. Ra5 Ree6 28. h5 Ke7 29. g4 fxg4 30. fxg4 b4 31. Bd2 e4 32. Rxe4 Rxe4 33. dxe4 Bxb2 34. Kf3 Bd4 35. Be3 Ke6 36. Ra4 Ke5 37. Bf4+ Ke6 38. Ke2 g6 39. hxg6 hxg6 40. Kd3 Kd7 41. Be3 Rd6 42. Bxd4 Rxd4+ 43. Ke3 Rd6 44. Ra5 Rc6 45. e5 Ke6 46. Ke4 c4 47. Ra4 cxb3 48. cxb3 Rb6 49. Kd4 g5 50. Ke4 Rc6 51. Rxb4 a5 52. Rd4 Rb6 53. Rc4 Rxb3 54. Rc6+ Kd7 55. Rd6+ Ke7 56. Kf5 a4 57. Ra6 a3 58. Ra7+ Ke8 59. Kxg5 Rf3 60. Kg6 Re3 61. Kf6 Rf3+ 62. Ke6 Kf8 63. g5 Rg3 64. Kf6 Rf3+ 65. Ke6 Rg3 66. Kf5 Rf3+ 67. Ke4 Rb3 68. g6 Kg8 69. Kf5 Kf8 70. Kg4 Kg8 71. Kf4 Kf8 72. Kf5 Kg8 73. Kf6 Rf3+ 74. Kg5 Re3 75. Kf4 Rb3 76. Kf5 Rf3+ 77. Ke4 Rb3 78. e6 Rb6 79. Kf5 Rb3 80. Ra8+ Kg7 81. e7 Rf3+ 82. Ke4 Rf1 83. e8=Q Re1+ 84. Kd3 Rxe8 85. Rxe8 Kxg6 86. Ra8 1-0


[Site "https://www.chess.com"]

[Event "Titled Tuesday Blitz October 31 Early 2023"]
[White "Javakhadze, Zurab"]
[Black "Janaszak, Dawid"]
[WhiteFideId "13603647"]
[BlackFideId "1119206"]
[WhiteElo "2795"]
[BlackElo "2674"]
[Result "1-0"]
[Round "8"]
[TimeControl "180+1"]
[Date "2023.10.31"]
[WhiteClock "0:00:03"]
[BlackClock "0:00:01"]
[Board "36"]

1. d4 d5 2. c4 c6 3. Nc3 Nf6 4. e3 e6 5. Nf3 Nbd7 6. Be2 Bd6 7. O-O O-O 8. b3 Qe7 9. Bb2 b6 10. Bd3 e5 11. dxe5 Nxe5 12. cxd5 Nxf3+ 13. gxf3 Bh3 14. Re1 Nxd5 15. f4 Qh4 16. Qf3 Bb4 17. Rec1 Rad8 18. Ne4 Rfe8 19. Ng5 Nxf4 20. exf4 Bg4 21. Bxh7+ Kf8 22. Qg3 Qh5 23. Bc2 Bd2 24. Rf1 f6 25. Ne4 Bb4 26. Bc3 Be7 27. Rfe1 Rd5 28. Re3 Red8 29. Rae1 R8d7 30. f3 Bf5 31. b4 a5 32. a3 b5 33. Bb3 Rd3 34. Rxd3 Rxd3 35. Qf2 Bxe4 36. Rxe4 Rxc3 37. Ba2 Rc1+ 38. Kg2 Qg6+ 39. Kh3 Qf5+ 40. Kg2 axb4 41. axb4 Qg6+ 42. Kh3 f5 43. Re6 Qh5+ 44. Kg2 Bh4 45. Qe2 Re1 46. Qd2 Kg8 47. Rxe1+ 1-0


[Site "https://www.chess.com"]

[Event "Titled Tuesday Blitz October 31 Early 2023"]
[White "Bayramov, Zaur"]
[Black "Hambleton, Aman"]
[WhiteFideId "13405080"]
[BlackFideId "2606577"]
[WhiteElo "2648"]
[BlackElo "2792"]
[Result "0-1"]
[Round "8"]
[TimeControl "180+1"]
[Date "2023.10.31"]
[WhiteClock "0:01:03"]
[BlackClock "0:00:05"]
[Board "37"]

1. e4 b6 2. Nc3 Bb7 3. g3 e6 4. Bg2 d5 5. exd5 Nf6 6. Nge2 Nxd5 7. Nxd5 Bxd5 8. Bxd5 Qxd5 9. O-O c5 10. d4 cxd4 11. Qxd4 Qxd4 12. Nxd4 a6 13. c4 Nd7 14. b3 Be7 15. Bb2 Bf6 16. Rad1 Rc8 17. Ba3 Be7 18. Bxe7 Kxe7 19. Rfe1 g6 20. Nf3 Rc5 21. Kf1 Rhc8 22. Re2 b5 23. Red2 R8c7 24. cxb5 axb5 25. Ke2 Ra7 26. Ne1 Nf6 27. Nd3 Rc8 28. Nb4 Rac7 29. f3 g5 30. g4 h5 31. h3 Rh8 32. Kf2 Nd7 33. Re2 Kf6 34. Kg2 Nf8 35. Rd8 hxg4 36. hxg4 Kg7 37. Kg3 Rh1 38. Rc2 Rxc2 39. Nxc2 Ng6 40. Kg2 Rc1 41. Nd4 Nf4+ 42. Kf2 Ra1 43. Nxb5 Rxa2+ 44. Ke3 Re2+ 45. Kd4 Rd2+ 46. Kc5 Rxd8 47. Kc6 Rd3 48. b4 Nd5 49. Kc5 Nxb4 50. Kxb4 Rxf3 0-1


[Site "https://www.chess.com"]

[Event "Titled Tuesday Blitz October 31 Early 2023"]
[White "Komov, Roman"]
[Black "Di Nicolantonio, Lucas"]
[WhiteFideId "24175714"]
[BlackFideId "680460"]
[WhiteElo "2780"]
[BlackElo "2630"]
[Result "1-0"]
[Round "8"]
[TimeControl "180+1"]
[Date "2023.10.31"]
[WhiteClock "0:00:56"]
[BlackClock "0:00:06"]
[Board "38"]

1. e4 c6 2. d4 d5 3. Nc3 dxe4 4. Nxe4 Nf6 5. Nxf6+ exf6 6. c3 Bd6 7. Bd3 O-O 8. Qc2 Re8+ 9. Ne2 h5 10. O-O h4 11. Nf4 Nd7 12. Qd1 Nf8 13. Qh5 Bxf4 14. Bxf4 h3 15. gxh3 Ng6 16. Bg3 Qd5 17. Qxd5 cxd5 18. Kg2 Be6 19. Rfe1 Ne7 20. Re2 a5 21. Rae1 a4 22. Bd6 Nc6 23. Bf5 Na5 24. Bxe6 fxe6 25. Rxe6 Rxe6 26. Rxe6 Nc4 27. b3 axb3 28. axb3 Nd2 29. Re7 Ra2 30. Bg3 Nxb3 31. Rxb7 Nd2 32. Rd7 Rc2 33. Rxd5 Rxc3 34. Rc5 Rd3 35. d5 Ne4 36. Rc8+ Kf7 37. Rc7+ Kg6 38. Rd7 Nc5 39. Rd8 Ne6 40. Re8 Ng5 41. d6 Nf7 42. Re6 Kf5 43. Re7 Nxd6 44. Rd7 Ke6 45. Rxd6+ Rxd6 46. Bxd6 Kxd6 47. Kf3 Ke6 48. Kg4 g6 49. h4 Kf7 50. h5 Kg7 51. h4 Kh6 52. hxg6 Kxg6 53. h5+ Kg7 54. Kf5 Kf7 55. h6 Kg8 56. Kxf6 Kh7 1-0


[Site "https://www.chess.com"]

[Event "Titled Tuesday Blitz October 31 Early 2023"]
[White "Hamitevici, Vladimir"]
[Black "JuniorJumper"]
[WhiteFideId "13902393"]
[WhiteElo "2745"]
[BlackElo "2615"]
[Result "1-0"]
[Round "8"]
[TimeControl "180+1"]
[Date "2023.10.31"]
[WhiteClock "0:00:16"]
[BlackClock "0:00:06"]
[Board "39"]

1. a3 e5 2. d3 d5 3. g3 Nf6 4. Bg2 c6 5. Nd2 Be6 6. Ngf3 Bd6 7. O-O O-O 8. e4 Nbd7 9. Re1 h6 10. Nh4 dxe4 11. dxe4 Nc5 12. h3 Qe7 13. Qf3 Nh7 14. Nf5 Bxf5 15. exf5 Nf6 16. b4 e4 17. Qe3 Na4 18. Qb3 Qe5 19. Rb1 b5 20. Nxe4 Nxe4 21. Rxe4 Qxf5 22. Bf4 Rad8 23. Rbe1 Nb6 24. Be3 Nc4 25. Bc1 Bc7 26. Qf3 Qxf3 27. Bxf3 Bb6 28. Re7 c5 29. Bc6 cxb4 30. axb4 a6 31. Bb7 a5 32. bxa5 Bxa5 33. Rf1 Rfe8 34. Rxe8+ Rxe8 35. Bc6 Re2 36. Bxb5 Rxc2 37. Bf4 Nd2 38. Rd1 Nf3+ 39. Kg2 Rc3 40. Be2 Ng5 41. Ra1 Bc7 42. Ra8+ Kh7 43. Be3 Be5 44. Bd2 Rc2 45. Bd3+ g6 46. Bxc2 Bf6 47. Bxg5 hxg5 48. f4 g4 49. hxg4 Kg7 50. g5 Bd4 51. Kf3 Bg1 52. g4 Kh7 53. f5 Kg7 54. f6+ Kh7 55. Rf8 Bc5 56. Rxf7+ Kh8 57. Bxg6 Be7 58. Rh7+ Kg8 59. Rxe7 Kf8 60. Kf4 Kg8 61. Ke5 Kh8 62. Ke6 Kg8 63. Re8# 1-0


[Site "https://www.chess.com"]

[Event "Titled Tuesday Blitz October 31 Early 2023"]
[White "Manukyan, Sargis A."]
[Black "Costachi, Mihnea"]
[WhiteFideId "13303970"]
[BlackFideId "1217518"]
[WhiteElo "2604"]
[BlackElo "2745"]
[Result "1-0"]
[Round "8"]
[TimeControl "180+1"]
[Date "2023.10.31"]
[WhiteClock "0:01:14"]
[BlackClock "0:01:25"]
[Board "40"]

1. d4 Nf6 2. c4 g6 3. Nc3 Bg7 4. Nf3 O-O 5. Bg5 d6 6. e3 c5 7. Be2 h6 8. Bh4 Nc6 9. O-O cxd4 10. exd4 Bg4 11. h3 Bf5 12. d5 Ne5 13. Nxe5 dxe5 14. Bg3 e4 15. Qd2 Rc8 16. Rac1 Qa5 17. b3 Qc5 18. Bf4 b6 19. Bxh6 Rfd8 20. Be3 Qa5 21. Nb5 Qxd2 22. Bxd2 a6 23. Nd4 Bd7 24. Be3 Rb8 25. Rfd1 Rdc8 26. g4 Ne8 27. f3 exf3 28. Bxf3 Nd6 29. Nc6 Kf8 30. Nxb8 Rxb8 31. Kg2 a5 32. Bd4 Bh6 33. Rc2 a4 34. h4 Bf4 35. Re2 g5 36. hxg5 Bxg5 37. Rh1 Bf6 38. Bxf6 exf6 39. Rh8+ Kg7 40. Rxb8 axb3 41. axb3 1-0


[Site "https://www.chess.com"]

[Event "Titled Tuesday Blitz October 31 Early 2023"]
[White "Goltseva, Ekaterina"]
[Black "Szpar, Milosz"]
[WhiteFideId "24173770"]
[BlackFideId "1184989"]
[WhiteElo "2550"]
[BlackElo "2712"]
[Result "0-1"]
[Round "8"]
[TimeControl "180+1"]
[Date "2023.10.31"]
[WhiteClock "0:00:00"]
[BlackClock "0:00:20"]
[Board "41"]

1. d4 d5 2. c4 e6 3. Nc3 Nf6 4. Nf3 c5 5. cxd5 exd5 6. Bg5 Be6 7. e3 c4 8. Be2 Bb4 9. Rc1 Qa5 10. O-O Bxc3 11. bxc3 Ne4 12. Qc2 O-O 13. Be7 Re8 14. Bb4 Qc7 15. Ne5 Nc6 16. Nxc6 Qxc6 17. f3 Nf6 18. Rce1 a5 19. Ba3 b5 20. Bd1 Bd7 21. Bc5 Qb7 22. Qd2 Bc6 23. Bc2 Nd7 24. Bd6 Re6 25. Bg3 Rae8 26. Bf2 g6 27. Rb1 Nb6 28. Rfe1 Qd7 29. Bg3 Qe7 30. Bf2 Nc8 31. Kh1 Nd6 32. Bg1 Qf6 33. Qf2 Nf5 34. Bxf5 Qxf5 35. Rb2 Qd3 36. Qd2 Qf5 37. Rd1 h5 38. Rdb1 h4 39. Qf2 Rf6 40. Qf1 Bd7 41. h3 Qg5 42. Rd1 Rb6 43. Rdb1 Reb8 44. Bf2 Bf5 45. Rc1 b4 46. Qe1 bxc3 47. Rxb6 Rxb6 48. Bxh4 Qh6 49. Bg3 c2 50. Bf4 Qf8 51. Qxa5 Rb1 52. Qd2 Qa3 53. e4 dxe4 54. Qxc2 e3 55. Qxc4 Rxc1+ 0-1


[Site "https://www.chess.com"]

[Event "Titled Tuesday Blitz October 31 Early 2023"]
[White "BardArtem"]
[Black "Yaksin, Oleg"]
[BlackFideId "24105880"]
[WhiteElo "2706"]
[BlackElo "2542"]
[Result "1-0"]
[Round "8"]
[TimeControl "180+1"]
[Date "2023.10.31"]
[WhiteClock "0:00:13"]
[BlackClock "0:00:00"]
[Board "42"]

1. e4 c5 2. c3 Nf6 3. e5 Nd5 4. Nf3 Nc6 5. Bc4 Nb6 6. Bb3 c4 7. Bc2 Qc7 8. O-O Nxe5 9. Nxe5 Qxe5 10. a4 g6 11. a5 Nd5 12. Re1 Qd6 13. Na3 Bg7 14. Nxc4 Qc5 15. Ne3 Nxe3 16. Rxe3 Bf6 17. d4 Qc7 18. h4 O-O 19. h5 d5 20. Qf3 Qd6 21. Re1 Bd7 22. Bf4 Qa6 23. Qxd5 Bc6 24. Qc5 Rad8 25. Bb3 Qd3 26. a6 e6 27. Bc4 Qc2 28. Re2 Qf5 29. Qxf5 gxf5 30. axb7 Bxb7 31. Rxa7 Be4 32. f3 Bc6 33. Rc7 Bd5 34. Bxd5 Rxd5 35. Be5 Bg5 36. c4 Ra5 37. f4 Bh4 38. Kh2 Ra2 39. d5 1-0


[Site "https://www.chess.com"]

[Event "Titled Tuesday Blitz October 31 Early 2023"]
[White "Amilal Munkhdalai"]
[Black "MFatigue"]
[WhiteFideId "4903250"]
[WhiteElo "2684"]
[BlackElo "2506"]
[Result "1-0"]
[Round "8"]
[TimeControl "180+1"]
[Date "2023.10.31"]
[WhiteClock "0:01:01"]
[BlackClock "0:00:05"]
[Board "43"]

1. e4 e6 2. d4 d5 3. Nd2 Nf6 4. e5 Nfd7 5. f4 c5 6. c3 Nc6 7. Ndf3 cxd4 8. cxd4 Be7 9. Bd3 Qb6 10. Ne2 f6 11. O-O fxe5 12. fxe5 Ndxe5 13. Nxe5 Nxe5 14. Bb1 Bf6 15. Kh1 Nc6 16. Nc3 Qxd4 17. Qh5+ Kd8 18. Bg5 Qe5 19. Bxf6+ gxf6 20. Qf7 Bd7 21. Bc2 f5 22. Rae1 Qd4 23. Rd1 Qh4 24. Nxd5 exd5 25. Qxd5 Qe7 26. Rfe1 Qg7 27. Bxf5 Kc7 28. Qd6+ Kb6 29. Bxd7 Rad8 30. Re3 a6 31. Rc3 Rhe8 32. Rxc6+ Ka7 33. Rxa6+ bxa6 34. Qc7+ Ka8 35. Bc6# 1-0


[Site "https://www.chess.com"]

[Event "Titled Tuesday Blitz October 31 Early 2023"]
[White "Shapiro, Viktor"]
[Black "Zhigalko, Sergei"]
[WhiteFideId "4175700"]
[BlackFideId "13502956"]
[WhiteElo "2523"]
[BlackElo "2935"]
[Result "1-0"]
[Round "8"]
[TimeControl "180+1"]
[Date "2023.10.31"]
[WhiteClock "0:00:52"]
[BlackClock "0:00:00"]
[Board "44"]

1. c4 e5 2. Nc3 Nf6 3. g3 c6 4. Bg2 d5 5. cxd5 cxd5 6. Qb3 Be6 7. Qxb7 Nbd7 8. Nxd5 Nxd5 9. Bxd5 Rb8 10. Qc6 Rc8 11. Qb7 Rc7 12. Qa8 Bxd5 13. Qxd5 Qc8 14. Kd1 Be7 15. Nf3 O-O 16. d3 Rd8 17. Bg5 Bxg5 18. Nxg5 Nf6 19. Qxe5 Qb7 20. f3 Re7 21. Qa5 Rde8 22. Ne4 Qxb2 23. Qc3 Qb6 24. Nxf6+ gxf6 25. Re1 Qf2 26. Qd2 Qxh2 27. Rb1 Qxg3 28. Rb4 Kh8 29. Re4 f5 30. Rxe7 Rxe7 31. Qc3+ Qe5 32. Qxe5+ Rxe5 33. Kc2 Kg7 34. e4 fxe4 35. fxe4 f5 36. Rg1+ Kf6 37. exf5 Rxf5 38. Rh1 h5 39. Kc3 Kg5 40. d4 h4 41. Kc4 Ra5 42. Rh2 Kg4 43. d5 Kg3 44. Rb2 Ra4+ 45. Kc5 Ra5+ 46. Kc6 h3 47. d6 Ra3 48. d7 Rc3+ 49. Kb7 Rd3 50. Rb3 Rxb3+ 51. axb3 h2 52. d8=Q h1=Q+ 53. Kxa7 Qa1+ 54. Kb7 Kg4 55. Qd5 Kf4 56. b4 Qa4 57. b5 Qa5 58. Kb8 Qb6+ 59. Kc8 Ke3 60. Qc6 Qd4 61. b6 Qh8+ 62. Kb7 Qg7+ 63. Ka8 Qf8+ 64. Ka7 Qa3+ 65. Kb8 Qf8+ 66. Qc8 Qd6+ 67. Qc7 Qf8+ 68. Kb7 Kd4 69. Qc6 Qe7+ 70. Kb8 Qf8+ 71. Kc7 Qf4+ 72. Qd6+ 1-0


[Site "https://www.chess.com"]

[Event "Titled Tuesday Blitz October 31 Early 2023"]
[White "Ginzburg, Yakov"]
[Black "Dragun, Kamil"]
[WhiteFideId "4157176"]
[BlackFideId "1134167"]
[WhiteElo "2614"]
[BlackElo "2821"]
[Result "0-1"]
[Round "8"]
[TimeControl "180+1"]
[Date "2023.10.31"]
[WhiteClock "0:00:00"]
[BlackClock "0:01:28"]
[Board "45"]

1. e4 e5 2. Nf3 Nc6 3. Bb5 a6 4. Bxc6 dxc6 5. O-O Bd6 6. d4 exd4 7. Qxd4 f6 8. Nbd2 Be6 9. e5 fxe5 10. Nxe5 Ne7 11. Re1 O-O 12. Nef3 Bd5 13. Qh4 Ng6 14. Qxd8 Raxd8 15. c4 Bf7 16. Ne4 Bxc4 17. Bg5 Rde8 18. b3 Bd5 19. Nxd6 cxd6 20. Nd4 h6 21. Bd2 Ne5 22. f4 Nd3 23. Rxe8 Rxe8 24. Kf1 Be4 25. Bc3 c5 26. Ne2 Bxg2+ 27. Kxg2 Rxe2+ 28. Kf3 Rc2 29. Ba5 d5 30. h4 Kf7 0-1


[Site "https://www.chess.com"]

[Event "Titled Tuesday Blitz October 31 Early 2023"]
[White "FoxOnTheRun97"]
[Black "Mekhitarian, Krikor Sevag"]
[BlackFideId "2107660"]
[WhiteElo "2607"]
[BlackElo "2754"]
[Result "0-1"]
[Round "8"]
[TimeControl "180+1"]
[Date "2023.10.31"]
[WhiteClock "0:00:01"]
[BlackClock "0:00:03"]
[Board "46"]

1. d4 Nf6 2. Bg5 d5 3. Bxf6 gxf6 4. e3 e5 5. Nf3 Bd6 6. c4 dxc4 7. Bxc4 Nc6 8. Nc3 Rg8 9. dxe5 fxe5 10. Qc2 Rxg2 11. Qxh7 Qf6 12. Be2 Bf5 13. Nd5 Qe6 14. Qh8+ Kd7 15. Nf6+ Ke7 16. Qxa8 Qxf6 17. a3 Be4 18. Qxb7 Bxf3 19. Bxf3 Qxf3 20. Rf1 Rxh2 21. Rc1 Nd4 22. Rxc7+ Bxc7 23. Qxc7+ Kf6 24. Qd6+ Kf5 25. Qd7+ Kg6 26. exd4 Qe4+ 27. Kd2 Qf4+ 28. Kc2 Rxf2+ 29. Rxf2 Qxf2+ 30. Kb1 Qxd4 31. Qc6+ Kf5 32. Qf3+ Ke6 33. Qh3+ f5 34. Qh6+ Kd5 35. Qg6 Qe4+ 36. Ka1 f4 37. Qf7+ Kd4 38. Qxa7+ Kd3 39. Qa6+ Qc4 40. Qd6+ Qd4 41. Qa6+ Kd2 42. Qf1 Ke3 43. Qe1+ Kf3 44. Qf1+ Kg3 45. Qe1+ Kg2 46. Qe2+ Kg3 47. Qe1+ Kg4 48. Ka2 f3 49. Qf1 e4 50. Qa6 e3 51. Qc8+ Kf4 52. Qf8+ Ke4 53. Qe7+ Kd3 54. Qh7+ Kd2 55. Qc2+ Kxc2 0-1


[Site "https://www.chess.com"]

[Event "Titled Tuesday Blitz October 31 Early 2023"]
[White "Ergali_Suleimen"]
[Black "Fier, Alexandr"]
[BlackFideId "2107139"]
[WhiteElo "2590"]
[BlackElo "2735"]
[Result "0-1"]
[Round "8"]
[TimeControl "180+1"]
[Date "2023.10.31"]
[WhiteClock "0:00:16"]
[BlackClock "0:02:25"]
[Board "47"]

1. e4 e5 2. Nf3 Nf6 3. Nxe5 d6 4. Nf3 Nxe4 5. Nc3 Nxc3 6. dxc3 Be7 7. Be3 O-O 8. Qd2 Nd7 9. O-O-O Nf6 10. Bd3 c5 11. Kb1 b5 12. h3 Rb8 13. g4 Qa5 14. g5 Be6 15. a3 Nd7 16. c4 b4 17. Bf4 Qa4 18. Ka2 b3+ 19. cxb3 Rxb3 20. Bxh7+ Kxh7 21. Qc2+ Kg8 22. Rc1 Rfb8 23. Nd2 Rxb2+ 24. Qxb2 Rxb2+ 25. Kxb2 d5 26. Rhe1 dxc4 27. Re3 c3+ 28. Rexc3 Qxf4 0-1


[Site "https://www.chess.com"]

[Event "Titled Tuesday Blitz October 31 Early 2023"]
[White "Weetik, Vjacheslav"]
[Black "brm72"]
[WhiteFideId "4153472"]
[WhiteElo "2730"]
[BlackElo "2581"]
[Result "1-0"]
[Round "8"]
[TimeControl "180+1"]
[Date "2023.10.31"]
[WhiteClock "0:00:05"]
[BlackClock "0:00:03"]
[Board "48"]

1. d4 Nf6 2. c4 e6 3. g3 d5 4. Nf3 Be7 5. Bg2 O-O 6. O-O dxc4 7. Qc2 b5 8. a4 Bb7 9. axb5 a6 10. Nc3 axb5 11. Rxa8 Bxa8 12. Nxb5 c6 13. Na3 c5 14. dxc5 Bxc5 15. Nxc4 Be4 16. Qa4 Bc6 17. Qa5 Qe7 18. Be3 Bxe3 19. Nxe3 Nbd7 20. Rc1 Be4 21. Nd4 Bxg2 22. Kxg2 h6 23. b4 Qd6 24. Rd1 Rb8 25. b5 Qc5 26. Kg1 Ne5 27. Qa1 Neg4 28. Nxg4 Nxg4 29. Rc1 Qh5 30. h4 e5 31. Qa7 Rd8 32. Nc6 Rd2 33. Qa8+ Kh7 34. Ne7 Nf6 35. Qf3 Rxe2 36. Qxh5 Nxh5 37. Rb1 Nf6 38. b6 Nd7 39. b7 e4 40. Rd1 Nb8 41. Rd8 Na6 42. Ra8 Re1+ 43. Kg2 Nb4 44. b8=Q Nd3 1-0


[Site "https://www.chess.com"]

[Event "Titled Tuesday Blitz October 31 Early 2023"]
[White "Jaskolka, Tomasz"]
[Black "Karthik Rajaa"]
[WhiteFideId "1170791"]
[BlackFideId "25035215"]
[WhiteElo "2578"]
[BlackElo "2721"]
[Result "0-1"]
[Round "8"]
[TimeControl "180+1"]
[Date "2023.10.31"]
[WhiteClock "0:00:04"]
[BlackClock "0:00:07"]
[Board "49"]

1. e4 c6 2. d4 d5 3. e5 Bf5 4. Nd2 e6 5. Nb3 a5 6. a4 Nd7 7. Be2 h6 8. Nf3 Bh7 9. O-O Ne7 10. c3 Ng6 11. Ne1 c5 12. f4 c4 13. Nd2 Ne7 14. Ndf3 Qb6 15. Kh1 Be4 16. Nd2 Bg6 17. b3 cxb3 18. Qxb3 Qxb3 19. Nxb3 Nc6 20. Bd3 Bxd3 21. Nxd3 b6 22. f5 Nd8 23. Nf4 Rc8 24. Bd2 Be7 25. fxe6 fxe6 26. Ng6 Rg8 27. Rf3 Nf8 28. Nxe7 Kxe7 29. Raf1 Nd7 30. Bc1 Rc4 31. Rg3 Nf7 32. Rgf3 Ng5 33. Bxg5+ hxg5 34. Nd2 Rxa4 35. Rf7+ Ke8 36. c4 dxc4 37. Ne4 c3 38. Nd6+ Kd8 39. d5 Nc5 40. Ra7 exd5 41. h3 c2 42. Kh2 Rf4 43. Rc1 Rf2 44. Kg3 Re2 45. Rf1 Ne4+ 46. Nxe4 dxe4 47. Rff7 c1=Q 48. e6 Qf4+ 49. Rxf4 gxf4+ 50. Kxf4 Re8 51. Ke5 e3 52. Kd6 Rd2+ 53. Ke5 e2 54. Ra8+ Ke7 55. Ra7+ Kf8 0-1


[Site "https://www.chess.com"]

[Event "Titled Tuesday Blitz October 31 Early 2023"]
[White "Herzog2012"]
[Black "Kosteniuk, Alexandra"]
[BlackFideId "4128125"]
[WhiteElo "2568"]
[BlackElo "2718"]
[Result "1-0"]
[Round "8"]
[TimeControl "180+1"]
[Date "2023.10.31"]
[WhiteClock "0:00:03"]
[BlackClock "0:00:10"]
[Board "50"]

1. e4 c5 2. Nf3 Nc6 3. d4 cxd4 4. Nxd4 Nf6 5. Nc3 d6 6. Bg5 e6 7. Qd2 a6 8. O-O-O h6 9. Be3 Bd7 10. f3 b5 11. Nxc6 Bxc6 12. Ne2 Be7 13. g4 Nd7 14. Bg2 Ne5 15. Nd4 Bb7 16. Qe2 Rc8 17. Kb1 Nc4 18. Bc1 Qb6 19. f4 Bf6 20. Qd3 g5 21. f5 Qxd4 22. Qxd4 Bxd4 23. Rxd4 Ke7 24. b3 Ne5 25. Ba3 Rhd8 26. h3 a5 27. f6+ Kxf6 28. Bxd6 Rxd6 29. Rxd6 Ke7 30. Rb6 Bc6 31. Rd1 Ng6 32. Ra6 a4 33. Ra7+ Kf8 34. Kb2 Nf4 35. Rd2 axb3 36. axb3 Nxg2 37. Rxg2 Bxe4 38. Rf2 f5 39. gxf5 exf5 40. Rh7 Kg8 41. Rxh6 Kg7 42. Rb6 Rc5 43. c3 Kf7 44. Rd2 Ke7 45. Rg6 f4 46. Re2 Re5 47. Rxg5 Rxg5 48. Rxe4+ Kd6 49. Rxf4 Rg3 50. h4 Rh3 51. Rg4 Kc6 52. Rg6+ Kc5 53. Rg5+ Kc6 54. h5 Kb6 55. Rg6+ Kc5 56. h6 Kd5 57. b4 Rh2+ 58. Kb3 Rh3 59. Rb6 Ke4 60. Rxb5 Rxh6 61. Rc5 1-0


[Site "https://www.chess.com"]

[Event "Titled Tuesday Blitz October 31 Early 2023"]
[White "Maximov, Dmitry"]
[Black "Guliev, Logman"]
[WhiteFideId "14105659"]
[BlackFideId "13400061"]
[WhiteElo "2718"]
[BlackElo "2568"]
[Result "1-0"]
[Round "8"]
[TimeControl "180+1"]
[Date "2023.10.31"]
[WhiteClock "0:00:52"]
[BlackClock "0:00:00"]
[Board "51"]

1. e4 c5 2. Nf3 d6 3. c3 Nc6 4. d4 cxd4 5. cxd4 e6 6. d5 exd5 7. exd5 Nb8 8. Nc3 Nf6 9. Bd3 Be7 10. O-O O-O 11. Re1 h6 12. Bf4 Bg4 13. h3 Bh5 14. g4 Bg6 15. Bxg6 fxg6 16. Nd4 Rf7 17. Ne6 Qb6 18. Be3 Qa5 19. Qd3 g5 20. b4 Qa3 21. Nc7 Nbd7 22. Bc1 Qxb4 23. Nxa8 Ne5 24. Rxe5 dxe5 25. Rb1 Qa5 26. Rxb7 e4 27. Qc4 Bc5 28. d6 Bxf2+ 29. Kg2 Nd5 30. Nxd5 Qe1 31. Nf6+ Kh8 32. Rb8+ 1-0


[Site "https://www.chess.com"]

[Event "Titled Tuesday Blitz October 31 Early 2023"]
[White "NovoselovRoman"]
[Black "Halkias, Stelios"]
[BlackFideId "4201809"]
[WhiteElo "2548"]
[BlackElo "2713"]
[Result "0-1"]
[Round "8"]
[TimeControl "180+1"]
[Date "2023.10.31"]
[WhiteClock "0:00:05"]
[BlackClock "0:01:04"]
[Board "52"]

1. d4 Nf6 2. c4 g6 3. Nc3 Bg7 4. Bf4 d6 5. e3 O-O 6. Be2 Nc6 7. Bg3 e5 8. Qd2 exd4 9. exd4 Re8 10. O-O-O Bf5 11. h4 a5 12. h5 Nb4 13. a3 Ne4 14. Nxe4 Bxe4 15. axb4 axb4 16. Bd3 b3 17. Bxe4 Rxe4 18. Kb1 Rxd4 19. Qxd4 Bxd4 20. Rxd4 Qe8 21. Nf3 Qa4 22. Kc1 Qa1+ 23. Kd2 Qxb2+ 24. Ke3 Re8+ 25. Kf4 Qc2 26. Nh4 b2 27. Rdd1 Qxc4+ 28. Kg5 Qc5+ 29. Kg4 Qxh5+ 30. Kh3 g5 31. Rd5 g4+ 32. Kh2 Qxd5 0-1


[Site "https://www.chess.com"]

[Event "Titled Tuesday Blitz October 31 Early 2023"]
[White "Brown, Andrew"]
[Black "Nagare Kaivalya Sandip"]
[WhiteFideId "3206513"]
[BlackFideId "25957929"]
[WhiteElo "2558"]
[BlackElo "2701"]
[Result "0-1"]
[Round "8"]
[TimeControl "180+1"]
[Date "2023.10.31"]
[WhiteClock "0:00:04"]
[BlackClock "0:01:19"]
[Board "53"]

1. d4 Nf6 2. c4 g6 3. Nc3 Bg7 4. e4 d6 5. g3 O-O 6. Bg2 Nc6 7. Nge2 a6 8. O-O Rb8 9. h3 e5 10. d5 Ne7 11. a4 Nd7 12. f4 f5 13. exf5 Nxf5 14. g4 Nh4 15. Bh1 exf4 16. Nxf4 Ne5 17. Qe2 h5 18. gxh5 Qf6 19. Be3 Nf5 20. Ne4 Qh4 21. Nxg6 Nxg6 22. hxg6 Bd7 23. Bg2 Rbe8 24. Rf4 Qe7 25. Raf1 Bh6 26. Rxf5 Bxe3+ 27. Qxe3 Bxf5 28. Re1 Bxg6 29. Qg3 Qg7 30. h4 Bxe4 31. Qxg7+ Kxg7 32. Rxe4 Rxe4 33. Bxe4 Rf4 34. Bd3 Rxh4 35. Be2 Kf6 36. Kf2 Ke5 37. Ke3 Rh3+ 38. Kd2 Kd4 39. a5 Rb3 40. Kc2 Re3 41. Bf1 Rf3 42. Be2 Rf2 43. Kd2 Rxe2+ 44. Kxe2 Kxc4 0-1


[Site "https://www.chess.com"]

[Event "Titled Tuesday Blitz October 31 Early 2023"]
[White "Omariev, Maksim"]
[Black "Ovetchkin, Roman"]
[WhiteFideId "4193423"]
[BlackFideId "4119991"]
[WhiteElo "2534"]
[BlackElo "2692"]
[Result "0-1"]
[Round "8"]
[TimeControl "180+1"]
[Date "2023.10.31"]
[WhiteClock "0:00:00"]
[BlackClock "0:00:07"]
[Board "54"]

1. g4 e5 2. Bg2 h5 3. gxh5 Qh4 4. d4 e4 5. Nc3 Nf6 6. Nh3 Rxh5 7. Nf4 Rf5 8. e3 d5 9. Qe2 Nc6 10. Nb5 Kd8 11. Bd2 a6 12. Nc3 Rxf4 13. exf4 Nxd4 14. Qd1 Ng4 15. Rf1 e3 16. Bc1 exf2+ 17. Kd2 c6 18. Ne2 Nf5 19. Kc3 Nge3 20. Bxe3 Nxe3 21. Qd4 Nxf1 22. Rxf1 Qxh2 23. Rxf2 Qh6 24. Ng3 Qd6 25. a3 Qc5+ 26. Qxc5 Bxc5 27. Re2 Bg4 28. Rd2 Kc7 29. b4 Be3 30. Kb3 Bxd2 31. f5 Bf4 32. Nh1 Be3 33. Ng3 Bf2 34. Nh1 Bh4 0-1


[Site "https://www.chess.com"]

[Event "Titled Tuesday Blitz October 31 Early 2023"]
[White "Atakhan, Abtin"]
[Black "Alinasab, Mobina"]
[WhiteFideId "22502203"]
[BlackFideId "12528897"]
[WhiteElo "2692"]
[BlackElo "2533"]
[Result "1-0"]
[Round "8"]
[TimeControl "180+1"]
[Date "2023.10.31"]
[WhiteClock "0:00:15"]
[BlackClock "0:00:00"]
[Board "55"]

1. Nf3 Nf6 2. d4 e6 3. c4 b6 4. g3 Bb7 5. Bg2 Be7 6. O-O O-O 7. Re1 d5 8. cxd5 exd5 9. Bf4 c5 10. Nc3 Na6 11. Qa4 Nc7 12. Ne5 Ne6 13. Be3 cxd4 14. Bxd4 Nxd4 15. Qxd4 Bc5 16. Qd3 Qe7 17. Nf3 Ne4 18. e3 Nxc3 19. bxc3 Rfd8 20. Nd4 Qf6 21. a4 a5 22. Qd1 g6 23. Qb3 h5 24. h4 g5 25. hxg5 Qxg5 26. Rad1 Qf6 27. Nb5 Qe5 28. Qb1 Kg7 29. c4 Bb4 30. Rf1 Rac8 31. cxd5 Bxd5 32. Bxd5 Rxd5 33. Rxd5 Qxd5 34. Nd4 Rc5 35. Rd1 h4 36. g4 h3 37. Nf5+ Kf6 38. Rxd5 Rxd5 39. Kh2 Rd2 40. Qa1+ Ke6 41. Kxh3 Rxf2 42. Qd4 Bc5 43. Qe4+ Kf6 44. g5+ Kg6 45. Kg4 Rb2 46. Ng3+ Kg7 47. Qe5+ 1-0


[Site "https://www.chess.com"]